 Dungeon Crawl Stone Soup version 0.24.0-28-g17ded55e90 (webtiles) character file.

Game seed: 17741243281931187078, levelgen mode: deterministic

295 PentaManta the Sneak (level 6, 0/39 HPs)
             Began as an Octopode Assassin on Nov 13, 2019.
             Slain by an orc
             ... wielding a +0 hand axe
              (6 damage)
             ... on level 3 of the Dungeon.
             The game lasted 00:05:01 (1663 turns).

PentaManta the Sneak (Octopode Assassin)            Turns: 1663, Time: 00:05:01

Health: 0/39       AC:  1    Str: 13    XL:     6   Next: 34%
Magic:  6/6        EV: 16    Int: 13    God:
Gold:   165        SH:  0    Dex: 16    Spells: 5/5 levels left

rFire    x . .     SeeInvis .   a - +2 dagger
rCold    + . .     Gourm    .   (no shield)
rNeg     . . .     Faith    .   (helmet restricted)
rPois    .         Spirit   .   s - amulet of regeneration
rElec    .         Reflect  .   f - +3 ring of strength
rCorr    +         Harm     .   h - ring of ice
MR       .....                  i - ring of attention (curse)
Stlth    +++.......             l - ring of resist corrosion
HPRegen  0.53/turn              p - ring of stealth
MPRegen  0.10/turn              (no ring)
                                (no ring)
                                (no ring)

@: confused
A: almost no armour, stealthy swim, amphibious, 8 rings, constrict 8, camouflage
1, gelatinous body 1
a: no special abilities


You were on level 3 of the Dungeon.
You were very hungry.

You visited 1 branch of the dungeon, and saw 3 of its levels.

You collected 165 gold pieces.

Inventory:

Hand Weapons
 a - a +2 dagger (weapon)
Missiles
 b - 19 poisoned darts (quivered)
 c - 2 curare-tipped darts
Jewellery
 f - a +3 ring of strength (left tentacle)
 h - a ring of ice (right tentacle)
 i - a cursed ring of attention (on tentacle)
 l - a ring of resist corrosion (on tentacle)
 m - a +5 amulet of reflection {unknown}
 p - a ring of stealth (on tentacle)
 s - an amulet of regeneration (around mantle)
Potions
 g - a potion of resistance
 j - a potion of agility {unknown}
 k - a potion of lignification {unknown}
Comestibles
 d - 5 rations


   Skills:
 - Level 2.0 Fighting
 + Level 3.6 Short Blades
 - Level 2.0 Throwing
 * Level 4.4 Dodging
 + Level 6.9 Stealth


You had 5 spell levels left.
You didn't know any spells.
Your spell library was empty.

Dungeon Overview and Level Annotations

Branches:
Dungeon (3/15)

Altars:
Ashenzari
Dithmenos
Okawaru

Annotations:
D:2 2 transporters


Innate Abilities, Weirdness & Mutations

You cannot wear most types of armour.
You are very stealthy in the water. (Stealth+)
You are amphibious.
You can wear up to eight rings at the same time.
You can use your tentacles to constrict eight enemies at once.
Your skin changes colour to match your surroundings (Stealth+).
Your rubbery body absorbs attacks. (AC +1, EV +1)


Message History

You feel sick. The kobold hits you.
The orc hits you with a +1 short sword of freezing.
* * * LOW HITPOINT WARNING * * *
The orc freezes you.
* * * LOW HITPOINT WARNING * * *
The orc hits you with a +0 hand axe.
* * * LOW HITPOINT WARNING * * *
You feel better. The orc barely misses you. The kobold hits you.
The orc hits you with a +0 hand axe.
* * * LOW HITPOINT WARNING * * *
You are confused.
You feel invigorated.
The orc hits you with a +1 short sword of freezing.
* * * LOW HITPOINT WARNING * * *
The orc freezes you.
* * * LOW HITPOINT WARNING * * *
The kobold hits you.
* * * LOW HITPOINT WARNING * * *
The orc hits you with a +0 hand axe.
You die...

*,* *,,,*,* ####.# #.# **,,*,*
#..... #.# *,>*,* #.###. #.#
****,* #.#### #.# *,* #.###.
####.######*,**#.....
#.........#*,*....#..
#..o).....#*,*......#
#...@o....#*,#....###
#....K....##,*....* **********
#...........,,,..,*
,,,,,,,,,####.........##,********
********,#.........####*,,,,,* *,
*,<,,,#.#####.###########,* *,
*****,,,,#,* #.....†.....#,* *,
,,,,,,,,,*,* ###########.#,***,
*****,****,* #.#,,,,,


You could see 2 orcs and a kobold.

Vanquished Creatures
  Sigmund (D:3)
  An orc wizard (D:3)
  Terence (D:3)
  3 adders
  An ooze (D:2)
  A worm (D:2)
  3 leopard geckos
  An orc (D:3)
  5 bats
  2 giant cockroaches (D:1)
  8 goblins
  5 hobgoblins
  4 jackals (D:1)
  6 frilled lizards (D:1)
  5 kobolds
  6 rats
53 creatures vanquished.

Notes
Turn   | Place    | Note
-------+----------+-------------------------------------------
     0 | D:1      | PentaManta the Octopode Assassin began the quest for the
                  | Orb.
     0 | D:1      | Reached XP level 1. HP: 14/14 MP: 1/1
   119 | D:1      | Reached XP level 2. HP: 18/19 MP: 2/2
   331 | D:1      | Reached XP level 3. HP: 24/24 MP: 3/3
   944 | D:2      | Found a shadowy altar of Dithmenos.
   954 | D:2      | Reached XP level 4. HP: 29/29 MP: 4/4
  1050 | D:2      | Reached skill level 6 in Stealth
  1071 | D:2      | Found an iron altar of Okawaru.
  1075 | D:2      | Noticed a bullfrog
  1076 | D:2      | Found a transporter.
  1077 | D:2      | Noticed an orc warrior
  1082 | D:2      | Found a transporter.
  1372 | D:3      | Found a shattered altar of Ashenzari.
  1418 | D:3      | Noticed Sigmund
  1430 | D:3      | Killed Sigmund
  1430 | D:3      | Reached XP level 5. HP: 34/34 MP: 5/5
  1430 | D:3      | Reached XP level 6. HP: 39/39 MP: 6/6
  1545 | D:3      | Noticed Terence
  1548 | D:3      | Killed Terence
  1663 | D:3      | Slain by an orc

Levels and vault maps discovered:
D:1:      doesnt_arrival_eight_statues, layout_loops_ring
D:2:      layout_loops_ring, gammafunk_temple_overflow_arena,
          grunt_dithmenos_smoke
D:3:      layout_basic, cheibrodos_ashenzari_chains, uniq_terence, uniq_robin,
          uniq_sigmund

Skill      XL: |  1  2  3  4 |
---------------+-------------+-----
Dodging        | 2 4 |  4.4
Stealth        | 6 |  6.9
Short Blades   | 3 |  3.6
Fighting       | |  2.0
Throwing       | |  2.0

Action                   |  1- 3 |  4- 6 || total
-------------------------+-------+-------++-------
Melee: Dagger            |    66 |    24 ||    90
       Constrict         |    12 |     4 ||    16
       Tentacles         |     4 |     5 ||     9
  Use: Scroll            |     2 |     6 ||     8
       Potion            |       |     2 ||     2
 Stab: Sleeping          |    16 |     6 ||    22
       Distracted        |     2 |       ||     2
  Eat: Chunk             |       |     1 ||     1
Armor: Skin              |     2 |     1 ||     3
Dodge: Dodged            |    23 |    20 ||    43
